 Dungeon Crawl Stone Soup version 0.29-a0-872-g797fff5ad1 (webtiles) character file.

Game seed: 1041146644208114798

230 porpoise the Magician (level 6, -1/47 HPs)
             Began as a Djinni Hedge Wizard on July 19, 2022.
             Slain by a hobgoblin (3 damage)
             ... on level 2 of the Dungeon.
             The game lasted 00:06:56 (2204 turns).

porpoise the Magician (Djinni Hedge Wizard)         Turns: 2204, Time: 00:06:57

Health: -1/47      AC:  2    Str:  9    XL:     6   Next: 24%
Gold:   123        EV: 12    Int: 17    God:
                   SH:  0    Dex: 13

rFire   + + .      SeeInvis .   a - +0 dagger
rCold   x . .      Faith    .   (no shield)
rNeg    + . .      Spirit   .   m - +0 robe
rPois   ∞          Reflect  .   c - +0 hat
rElec   .          Harm     .   (no cloak)
rCorr   .          Rampage  .   (no gloves)
Will    .....                   (boots unavailable)
Stlth   ++........              (no amulet)
HPRegen 0.15/turn               l - ring of positive energy
MPRegen 0.00/turn               (no ring)

@: flying
A: sickness immunity, fire resistance 2, cold vulnerability 1, float, innate
caster, HP casting, extra vitality 1
a: no special abilities


You were on level 2 of the Dungeon.
You visited 1 branch of the dungeon, and saw 2 of its levels.

You collected 123 gold pieces.

Inventory:

Hand Weapons
 a - a +0 dagger (weapon)
Armour
 c - a +0 hat (worn)
 m - a +0 robe (worn)
Jewellery
 l - a ring of positive energy (left hand)
Scrolls
 b - a scroll of magic mapping {unknown}
 d - a scroll of vulnerability {unknown}
 e - a scroll of fog {unknown}
 h - a scroll of noise {unknown}
 i - a scroll of teleportation {unknown}
Potions
 f - a potion of curing {unknown}
 j - 2 potions of invisibility {unknown}
 k - a potion of flight {unknown}


   Skills:
 * Level 3.8 Fighting
 + Level 0.2 Short Blades
 - Level 2.1 Dodging
 + Level 1.6 Stealth
 * Level 3.9 Spellcasting


You couldn't memorise any spells.
You knew the following spells:

 Your Spells              Type           Power      Damage    Failure   Level
a - Magic Dart            Conj           64%        1d6       3%          1
b - Blink                 Tloc           32%        N/A       4%          2
c - Call Imp              Summ           16%        N/A       4%          2
d - Slow                  Hex            64%        N/A       3%          1
e - Conjure Flame         Conj/Fire      16%        6-21      10%         3
f - Mephitic Cloud        Conj/Pois/Air  16%        N/A       10%         3
g - Ensorcelled Hibernat  Hex/Ice        32%        N/A       4%          2
s - Sting                 Tmut/Pois      64%        1d6       3%          1
Your spell library was empty.

Dungeon Overview and Level Annotations

Branches:
Dungeon (2/15)

Altars:

Annotations:
D:2 Natasha


Innate Abilities, Weirdness & Mutations

You are immune to sickness and miasma.
You are immune to poison.
Your flesh is very heat resistant. (rF++)
You are vulnerable to cold. (rC-)
You float through the air rather than walking.
You learn spells naturally, not from books.
Your magical power is your life essence.
You have superior vitality. (+4 MHP)


Message History

Casting: Call Imp (safe; 4% risk of failure)
Confirm with . or Enter, or press ? or * to list all spells.
Aiming: Mephitic Cloud (dangerous; 10% risk of failure)
Press: ? - help, Shift-Dir - straight line, f - Terence
Aim: Terence, wielding a +0 flail and wearing a +0 chain mail (heavily wounded, chance to affect: 91%)
The ball explodes into a vile cloud!
The stinking cloud engulfs Terence but does no damage.
Terence is heavily wounded.
The stinking cloud engulfs Natasha but does no damage.
The stinking cloud engulfs you but does no damage.
The stinking cloud engulfs the hobgoblin but does no damage.
The hobgoblin is severely wounded.
* * * LOW HITPOINT WARNING * * *
Natasha is engulfed in noxious fumes.
Natasha appears confused.
Terence is engulfed in noxious fumes.
Terence appears confused.
Terence barely misses you. The hobgoblin hits you.
* * * LOW HITPOINT WARNING * * *
The crimson imp shouts, "Escape, thou tottering spleeny pignut!"
You catch the helpless Terence completely off-guard!
You hit Terence.
Terence is heavily wounded.
Natasha is engulfed in noxious fumes.
Natasha appears confused.
Natasha completely misses the crimson imp.
Terence is engulfed in noxious fumes.
The hobgoblin barely misses you.
Your crimson imp misses the hobgoblin.
You barely miss Terence.
Terence is heavily wounded.
Natasha is engulfed in noxious fumes.
Natasha claws Terence.
Terence is engulfed in noxious fumes.
Terence appears confused.
Terence barely misses the hobgoblin.
Terence hits himself with a +0 flail!
Terence is killed!
The hobgoblin hits you.
* * * LOW HITPOINT WARNING * * *
The crimson imp blinks!
Your crimson imp blinks!
You hit the hobgoblin.
The hobgoblin is almost dead.
Natasha is engulfed in noxious fumes.
Natasha appears confused.
The hobgoblin hits you.
You die...

#....######.##
####+#.#
#....'..<.....
........
#....######.##
.......#
#.#########.#
......5#
#...........#
......#
#.###########
......###'###
#####g5.....#
#.5°h@......#
#.####§..>..+
#......# #......#
#......# ######
############.....
#....[....
#.........
#......###


You could see Natasha (confused), 2 crimson imps, a hobgoblin (ally target) and
a friendly crimson imp (summoned).

Vanquished Creatures
  Sigmund (D:2)
  Terence (D:2)
  An adder (D:2)
  7 endoplasms
  A giant cockroach (D:2)
  3 goblins
  4 hobgoblins
  8 ball pythons
  10 bats
  5 frilled lizards
  3 kobolds
  2 rats (D:1)
46 creatures vanquished.

Vanquished Creatures (collateral kills)
  A kobold (D:1)
1 creature vanquished.

Grand Total: 47 creatures vanquished

Notes
Turn   | Place    | Note
-------+----------+-------------------------------------------
     0 | D:1      | porpoise the Djinni Hedge Wizard began the quest for the
                  | Orb.
     0 | D:1      | porpoise set off with the following spells memorised: Magic
                  | Dart, Blink, Call Imp, Slow, Conjure Flame, Mephitic Cloud.
     0 | D:1      | Reached XP level 1. HP: 15/15 MP: 0/0
   290 | D:1      | Reached skill level 1 in Fighting
   290 | D:1      | Reached XP level 2. HP: 19/22 MP: 0/0
   755 | D:1      | Reached XP level 3. HP: 24/27 MP: 0/0
   755 | D:1      | Learned a level 1 spell: Sting
  1386 | D:2      | Found a faded altar of an unknown god.
  1776 | D:2      | Noticed Sigmund
  1791 | D:2      | Killed Sigmund
  1792 | D:2      | Reached XP level 4. HP: 25/36 MP: 0/0
  1792 | D:2      | Reached XP level 5. HP: 28/40 MP: 0/0
  1792 | D:2      | Learned a level 2 spell: Ensorcelled Hibernation
  1792 | D:2      | Reached XP level 6. HP: 32/46 MP: 0/0
  2179 | D:2      | Noticed Terence
  2185 | D:2      | Noticed Natasha
  2203 | D:2      | Killed Terence
  2203 | D:2      | HP: 2/47 [hobgoblin (4)]
  2204 | D:2      | Slain by a hobgoblin

Illustrated notes

Levels and vault maps discovered:
D:1:      lemuel_arrival_lava_pool, layout_basic
D:2:      layout_basic, shapermc_ecumenical_altar_venn, uniq_sigmund,
          uniq_terence, uniq_natasha

Skill      XL: |  1  2  3 |
---------------+----------+-----
Fighting       | 1 3 |  3.8
Spellcasting   | 3 |  3.9
Short Blades   | |  0.2
Dodging        | |  2.1
Stealth        | |  1.6

Action                   |  1- 3 |  4- 6 || total
-------------------------+-------+-------++-------
Melee: Dagger            |    19 |    43 ||    62
       Punch             |     1 |       ||     1
 Cast: Magic Dart        |    68 |     4 ||    72
       Sting             |     4 |       ||     4
       Mephitic Cloud    |     1 |     4 ||     5
       Call Imp          |     1 |     1 ||     2
 Stab: Confused          |     1 |     2 ||     3
Armor: Robe              |     4 |    12 ||    16
Dodge: Dodged            |    25 |    43 ||    68

Table legend: (Time is in decaauts)
 A = Elapsed time spent in this place.
 B = Non-inter-level travel time spent in this place.
 C = Inter-level travel time spent in this place.
 D = Time resting spent in this place.
 E = Time spent auto-exploring this place.
 F = Levels seen in this place.
 G = Mean time per level.
                   A        B        C        D        E       F      G
               +--------+--------+--------+--------+--------+-----+--------+
         Total |   2202 |   2174 |     28 |   1128 |    752 |   2 | 1101.0 |
       Dungeon |   2202 |   2174 |     28 |   1128 |    752 |   2 | 1101.0 |
               +--------+--------+--------+--------+--------+-----+--------+

Top non-repeatable levels by time:
     D:1: 1300 daAuts
     D:2: 901 daAuts
